 Dungeon Crawl Stone Soup version 0.24.0 (webtiles) character file.

Game seed: 18360067237428539485, levelgen mode: deterministic

93 Ayyar the Grasshopper (level 4, -2/38 HPs)
             Began as a Gnoll Warper on May 1, 2020.
             Killed from afar by an orc wizard (10 damage)
             ... with a magic dart
             ... on level 3 of the Dungeon.
             The game lasted 00:09:45 (2827 turns).

Ayyar the Grasshopper (Gnoll Warper)                Turns: 2827, Time: 00:09:46

Health: -2/38      AC:  5    Str: 14    XL:     4   Next: 62%
Magic:  11/11      EV: 14    Int: 15    God:
Gold:   154        SH:  0    Dex: 15    Spells: 6/13 levels left

rFire    . . .     SeeInvis .   r - +0 dagger (curse)
rCold    + . .     Gourm    .   (no shield)
rNeg     . . .     Faith    .   b - +0 leather armour
rPois    .         Spirit   .   (no helmet)
rElec    .         Reflect  .   (no cloak)
rCorr    .         Harm     .   l - +1 pair of gloves
MR       .....                  (no boots)
Stlth    ++........             (no amulet)
HPRegen  0.12/turn              c - ring of protection from cold
MPRegen  0.12/turn              s - ring of flight

@: hasted, very quick
A: distributed training, fangs 1, strong nose
a: Evoke Flight


You were on level 3 of the Dungeon.
You were not hungry.

You visited 1 branch of the dungeon, and saw 4 of its levels.

You collected 154 gold pieces.

Inventory:

Hand Weapons
 a - a +0 spear
 r - a cursed +0 dagger (weapon)
Missiles
 e - 5 boomerangs of dispersal
 t - 8 boomerangs (quivered)
Armour
 b - a +0 leather armour (worn)
 l - a +1 pair of gloves (worn)
Jewellery
 c - a ring of protection from cold (left hand)
 m - an uncursed ring of see invisible
 s - a ring of flight (right hand)
Scrolls
 d - 2 scrolls of blinking
 i - a scroll of fear
 j - a scroll of identify
Potions
 n - a potion of heal wounds {unknown}
 o - a potion of lignification
 q - a potion of degeneration {unknown}
Comestibles
 f - 5 rations


   Skills:
 + Level 4.6 Fighting
 + Level 1.2 Short Blades
 + Level 1.2 Long Blades
 + Level 1.2 Axes
 + Level 1.2 Maces & Flails
 + Level 4.6 Polearms
 + Level 1.2 Staves
 + Level 1.2 Slings
 + Level 1.2 Bows
 + Level 1.2 Crossbows
 + Level 2.8 Throwing
 + Level 2.8 Armour
 + Level 4.6 Dodging
 + Level 1.2 Stealth
 + Level 1.2 Shields
 + Level 1.2 Unarmed Combat
 + Level 5.1 Spellcasting
 + Level 1.0 Conjurations
 + Level 1.0 Hexes
 + Level 1.0 Charms
 + Level 1.0 Summonings
 + Level 1.0 Necromancy
 + Level 5.5 Translocations
 + Level 1.0 Transmutations
 + Level 1.0 Fire Magic
 + Level 1.0 Ice Magic
 + Level 1.0 Air Magic
 + Level 1.0 Earth Magic
 + Level 1.0 Poison Magic
 + Level 1.3 Invocations
 + Level 1.2 Evocations


You had 6 spell levels left.
You knew the following spells:

 Your Spells              Type           Power        Failure   Level  Hunger
a - Blink                 Tloc           N/A          3%          2    ##.....
b - Teleport Other        Tloc           ###.....     6%          3    ###....
c - Shroud of Golubria    Chrm/Tloc      ##....       8%          2    ##.....

Your spell library contained the following spells:

 Spells                   Type           Power        Failure   Level  Hunger
 Gell's Gravitas          Tloc           ###.......   6%          3    ###....
 Lesser Beckoning         Tloc           ###.......   6%          3    ###....
 Passage of Golubria      Tloc           N/A          21%         4    ####...


Dungeon Overview and Level Annotations

Branches:
Dungeon (4/15)
 Temple: D:4-7

Altars:
Elyvilon
Nemelex Xobeh
Ru

Annotations:
D:3 Grinder, Jessica


Innate Abilities, Weirdness & Mutations

Your experience applies equally to all skills.
You have very sharp teeth.
Your uncanny sense of smell can sniff out nearby items.


Message History

The worm is almost dead.
The worm closely misses you. Jessica closely misses you.
You hit the worm.
You kill the worm!
Your Conjurations skill increases to level 1!
Your Hexes skill increases to level 1!
Your Charms skill increases to level 1!
Your Summonings skill increases to level 1!
Your Necromancy skill increases to level 1!
Your Transmutations skill increases to level 1!
Your Fire Magic skill increases to level 1!
Your Ice Magic skill increases to level 1!
Your Air Magic skill increases to level 1!
Your Earth Magic skill increases to level 1!
Your Poison Magic skill increases to level 1!
You hit Jessica but do no damage.
Jessica is heavily wounded.
Jessica closely misses you.
The orc wizard points at you and mumbles some strange words.
The magic dart hits you!
You die...

#####
##...########
##.###........
##.##
##.#####.
####.## ##.#
#. #....#
...... #o##.##
.####S #@###.#
## #. #@#
#.o.# #.
..)@....#
#.o.... #.
#########
#..w..... ∆ ..
........#
.@......# ∆
........#
.........#


You could see an orc wizard and Jessica.

Vanquished Creatures
  2 adders (D:2)
  3 worms
  2 dart slugs (D:1)
  2 leopard geckos (D:2)
  3 orcs
  6 giant cockroaches
  7 goblins
  3 hobgoblins
  7 jackals (D:1)
  5 bats
  2 frilled lizards
  6 kobolds
  7 rats
55 creatures vanquished.

Notes
Turn   | Place    | Note
-------+----------+-------------------------------------------
     0 | D:1      | Ayyar the Gnoll Warper began the quest for the Orb.
     0 | D:1      | Reached XP level 1. HP: 20/20 MP: 6/6
   226 | D:1      | Reached XP level 2. HP: 26/26 MP: 7/7
   338 | D:1      | You fall into a shaft and drop 1 floor!
   514 | D:1      | Reached XP level 3. HP: 19/31 MP: 9/9
   521 | D:1      | Reached skill level 5 in Spellcasting
  1007 | D:1      | Learned a level 2 spell: Blink
  1011 | D:1      | Learned a level 3 spell: Teleport Other
  1014 | D:1      | Learned a level 2 spell: Shroud of Golubria
  1183 | D:2      | Reached skill level 1 in Invocations
  1296 | D:2      | Reached skill level 1 in Short Blades
  1296 | D:2      | Reached skill level 1 in Long Blades
  1296 | D:2      | Reached skill level 1 in Axes
  1296 | D:2      | Reached skill level 1 in Maces & Flails
  1296 | D:2      | Reached skill level 1 in Staves
  1296 | D:2      | Reached skill level 1 in Slings
  1296 | D:2      | Reached skill level 1 in Bows
  1296 | D:2      | Reached skill level 1 in Crossbows
  1296 | D:2      | Reached skill level 1 in Stealth
  1296 | D:2      | Reached skill level 1 in Shields
  1296 | D:2      | Reached skill level 1 in Unarmed Combat
  1296 | D:2      | Reached skill level 1 in Evocations
  1516 | D:2      | Reached XP level 4. HP: 34/38 MP: 11/11
  1873 | D:2      | Found a sacrificial altar of Ru.
  2218 | D:2      | Found a faded altar of an unknown god.
  2382 | D:2      | Found a sparkling altar of Nemelex Xobeh.
  2382 | D:2      | Found a white marble altar of Elyvilon.
  2493 | D:3      | Noticed Grinder
  2762 | D:3      | Noticed Jessica
  2826 | D:3      | Reached skill level 1 in Conjurations
  2826 | D:3      | Reached skill level 1 in Hexes
  2826 | D:3      | Reached skill level 1 in Charms
  2826 | D:3      | Reached skill level 1 in Summonings
  2826 | D:3      | Reached skill level 1 in Necromancy
  2826 | D:3      | Reached skill level 1 in Transmutations
  2826 | D:3      | Reached skill level 1 in Fire Magic
  2826 | D:3      | Reached skill level 1 in Ice Magic
  2826 | D:3      | Reached skill level 1 in Air Magic
  2826 | D:3      | Reached skill level 1 in Earth Magic
  2826 | D:3      | Reached skill level 1 in Poison Magic
  2827 | D:3      | Killed from afar by an orc wizard

Levels and vault maps discovered:
D:1:      mrwooster_arrival_statue_3, layout_basic
D:2:      layout_basic, hangedman_ru_absence, amethyst_overflow_temple_binary,
          chequers_ecumenical_altar_grove
D:3:      layout_loops_ring, gup_sewer_entry_bowl, first_ration,
          evilmike_ruin_ashenzari, uniq_jessica, uniq_grinder, uniq_ijyb,
          uniq_robin
D:4:      layout_cave_pools, kennysheep_mini, minmay_ogre_servants
